Map: New Repugnancy LE

Players

uThermal - Winner!

  • Race: Terran Terran
  • Spawn Location: 7:00

ZipperTheFly

  • Race: Terran Terran
  • Spawn Location: 1:00

Event: 2019 WCS Summer

VOD

Have the link to the VOD?

Description

Time

  • Played on: July 12, 2019, 7:16 a.m.
  • Length: 8:19

All games in this series

Show
View Real Time Build Order
Export as new Build Order

uThermal Terran - Winner!

Build Orders: Cyclone Opening 

Get SALT Encoding   

  12  0:02  SCV  
  13  0:14  SCV  
  13  0:17  Supply Depot  
  14  0:26  SCV  
  14  0:28  Refinery  
  15  0:39  SCV  
  16  0:44  Barracks  
  16  0:51  SCV  
  16  0:54  Refinery  
  17  1:03  SCV  
  18  1:15  SCV  
  19  1:31  Reaper  
  19  1:32  Orbital Command  
  20  1:36  Factory  
  20  1:45  Supply Depot  
  20  1:58  SCV  
  21  2:04  Barracks Tech Lab  
  21  2:10  SCV  
  22  2:22  SCV  
  23  2:26  Cyclone  
  26  2:35  Command Center  
  26  2:38  SCV  
  27  2:44  Supply Depot  
  27  2:46  Barracks Reactor  
  27  2:50  SCV  
  28  2:58  Cyclone  
  31  3:06  SCV  
  31  3:11  Starport  
  32  3:18  SCV  
  33  3:22  Marine x2  
  33  3:25  Refinery  
  35  3:30  SCV  
  36  3:38  Factory Tech Lab  
  36  3:40  Marine x2  
  38  3:42  SCV  
  35  3:52  Orbital Command  
  35  3:54  SCV  
  35  3:55  Bunker  
  36  3:57  Raven  
  36  3:58  Marine x2  
  40  4:06  SCV  
  40  4:08  Siege Tank  
  44  4:16  Marine x2  
  46  4:18  SCV  
  47  4:25  SCV  
  47  4:27  Supply Depot  
  47  4:31  SCV  
  49  4:34  Marine x2  
  49  4:38  SCV  
  52  4:39  Raven  
  54  4:48  Siege Tank, SCV  
  54  4:49  Supply Depot  
  58  4:53  Marine x2, SCV  
  58  4:59  Supply Depot  
  61  5:00  SCV  
  62  5:10  SCV  
  62  5:13  SCV  
  64  5:14  Command Center  
  66  5:21  Siege Tank  
  66  5:24  SCV  
  66  5:25  SCV  
  69  5:30  Viking x2  
  69  5:34  Supply Depot  
  73  5:39  Marine  
  73  5:40  Stimpack  
  73  5:41  SCV  
  73  5:42  SCV  
  76  5:45  Refinery  
  76  5:48  Supply Depot  
  76  5:53  SCV  
  76  5:54  SCV  
  76  5:55  Siege Tank  
  81  5:59  Supply Depot  
  81  6:01  Viking  
  83  6:06  Viking  
  83  6:10  SCV x2  
  83  6:11  Marine  
  88  6:19  Engineering Bay  
  88  6:20  Engineering Bay  
  88  6:22  SCV  
  88  6:23  SCV  
  90  6:27  Siege Tank  
  93  6:34  SCV  
  93  6:35  Viking  
  93  6:36  Viking  
  98  6:41  SCV  
  99  6:51  Marine, SCV, Missile Turret x2  
  99  6:54  Orbital Command  
  101  6:58  SCV  
  102  7:05  Viking  
  102  7:07  Viking  
  105  7:11  SCV  
  105  7:12  Marine  
  105  7:13  SCV  
  108  7:16  Siege Tank  
  108  7:20  SCV  
  112  7:23  SCV  
  112  7:25  Supply Depot  
  113  7:31  Sensor Tower  
  113  7:32  SCV  
  114  7:37  SCV  
  114  7:38  Viking  
  114  7:39  Barracks  
  114  7:40  Barracks  
  117  7:44  Marine  
  117  7:46  SCV  
  117  7:47  Viking  
  117  7:49  SCV  
  117  7:57  SCV  
  112  7:59  SCV  
  112  8:01  SCV  
Show
View Real Time Build Order
Export as new Build Order

ZipperTheFly Terran 

Build Orders: Liberator Opening 

Get SALT Encoding   

  12  0:00  SCV  
  13  0:12  SCV  
  14  0:17  Supply Depot  
  14  0:24  SCV  
  14  0:27  Refinery  
  15  0:38  SCV  
  16  0:44  Barracks  
  16  0:50  SCV  
  16  0:55  Refinery  
  17  1:02  SCV  
  18  1:15  SCV  
  19  1:31  Reaper  
  19  1:32  Orbital Command  
  20  1:35  Factory  
  20  1:47  Supply Depot  
  20  1:57  SCV  
  21  2:04  Reaper  
  22  2:10  SCV  
  23  2:18  Hellion  
  23  2:22  SCV  
  26  2:27  Command Center  
  26  2:34  SCV  
  26  2:35  Supply Depot  
  27  2:38  Reaper  
  27  2:43  Hellion  
  30  2:46  SCV  
  31  2:52  Starport  
  31  2:58  SCV  
  32  3:04  Hellion  
  34  3:10  Barracks Tech Lab, SCV  
  35  3:18  Refinery  
  35  3:22  SCV  
  36  3:30  Viking  
  38  3:34  SCV  
  38  3:38  Cyclone  
  42  3:43  Liberator  
  38  3:49  Barracks Reactor, SCV  
  38  3:50  Orbital Command  
  39  4:01  SCV  
  43  4:10  Siege Tank  
  43  4:14  SCV  
  43  4:16  SCV  
  48  4:17  Supply Depot  
  48  4:25  Marine x2  
  48  4:26  SCV  
  48  4:28  SCV  
  52  4:38  SCV  
  53  4:46  Starport Tech Lab  
  53  4:48  Marine x2  
  53  4:49  Siege Tank  
  53  4:50  SCV  
  53  4:51  Supply Depot  
  59  4:54  SCV  
  60  5:00  Command Center  
  60  5:02  SCV  
  60  5:07  SCV  
  62  5:09  Supply Depot  
  62  5:10  Refinery  
  62  5:12  Raven, Marine  
  62  5:14  SCV  
  66  5:19  SCV  
  67  5:23  Siege Tank  
  70  5:31  SCV x2, Supply Depot  
  70  5:32  Supply Depot  
  72  5:43  Marine x2  
  72  5:45  SCV  
  72  5:46  SCV  
  76  5:55  Siege Tank, Raven  
  81  5:58  SCV  
  81  6:01  Engineering Bay x2, SCV  
  83  6:08  Marine x2, Supply Depot  
  85  6:12  Barracks  
  85  6:13  Barracks  
  85  6:15  Orbital Command  
  85  6:17  SCV x2  
  87  6:28  Siege Tank  
  87  6:30  Supply Depot  
  87  6:32  SCV  
  91  6:34  SCV  
  92  6:43  Orbital Command  
  92  6:45  Viking x2  
  92  6:46  SCV x2  
  98  6:51  Marine  
  99  6:56  Supply Depot  
  99  6:58  Barracks  
  99  6:59  Barracks  
  99  7:01  SCV  
  99  7:03  Siege Tank  
  99  7:05  Barracks Reactor  
  99  7:06  Barracks Reactor  
  99  7:07  SCV  
  102  7:18  SCV  
  102  7:19  Viking x2, Marine  
  108  7:25  SCV  
  108  7:28  SCV  
  110  7:35  SCV  
  113  7:37  Siege Tank  
  113  7:40  SCV  
  113  7:41  Marine, Armory  
  113  7:42  Marine  
  116  7:46  SCV  
  93  7:59  Marine x2, Barracks Reactor  
  93  8:00  Barracks Reactor, SCV  
Tags
 
Add a new tag
Caveats
  • Supply blocks, unpowered buildings, or Contaminate may cause inaccurate times.
  • Supply counts are checked every 10 seconds.